 Dungeon Crawl Stone Soup version 0.20.1-1-g8b1a95d (webtiles) character file.

83 Charly the Insei (level 4, -1/21 HPs)
             Began as a Vine Stalker Earth Elementalist on July 23, 2017.
             Killed from afar by an orc wizard (4 damage)
             ... with a magic dart
             ... on level 3 of the Dungeon.
             The game lasted 00:05:32 (403 turns).

Charly the Insei (Vine Stalker Earth Elementalist)   Turns: 403, Time: 00:05:32

Health: -1/21      AC:  2    Str: 16    XL:     4   Next: 44%
Magic:  0/8        EV: 12    Int: 15    God:
Gold:   8          SH:  0    Dex: 15    Spells: 4/7 levels left

rFire    . . .     SeeInvis .   g - +1 dagger (drain)
rCold    . . .     Gourm    .   (no shield)
rNeg     . . .     Faith    .   c - +0 robe
rPois    .         Spirit   +   (no helmet)
rElec    .         Reflect  .   (no cloak)
rCorr    .         Harm     .   (no gloves)
MR       .....                  (no boots)
Stlth    +.........             (no amulet)
Regen    0.5/turn               (no ring)
MPRegen  0.2/turn               (no ring)

@: confused, mighty, very slightly contaminated
A: fangs 2, regeneration 1, magic shield, antimagic bite, no potion heal 3, rot
immunity
a: no special abilities


You were on level 3 of the Dungeon.
You were full.

You visited 1 branch of the dungeon, and saw 4 of its levels.

You collected 8 gold pieces.

Inventory:

Hand Weapons
 g - a +1 dagger of draining (weapon)
Missiles
 b - 25 stones (quivered)
Armour
 c - a +0 robe (worn)
Wands
 f - a wand of lightning (0/15)
Scrolls
 a - 3 scrolls of identify {unknown}
 i - a scroll of teleportation {unknown}
 k - a scroll of fear {unknown}
 l - a scroll of amnesia {unknown}
 m - a scroll of enchant weapon {unknown}
Books
 e - a book of Geomancy

   Spells                             Type                      Level
   a - Sandblast                      Earth                        1
   b - Passwall                       Transmutation/Earth          2
   c - Stone Arrow                    Conjuration/Earth            3
   d - Petrify                        Transmutation/Earth          4
   e - Lee's Rapid Deconstruction     Earth                        5
Comestibles
 d - 2 bread rations
 h - a meat ration


   Skills:
 - Level 1.5 Dodging
 - Level 2.4 Stealth
 + Level 3.9 Unarmed Combat
 - Level 2.1 Spellcasting
 - Level 1.0 Transmutations
 - Level 3.0 Earth Magic


You had 4 spell levels left.
You knew the following spells:

 Your Spells              Type           Power        Failure   Level  Hunger
a - Sandblast             Erth           ##....       6%          1    #......
b - Passwall              Tmut/Erth      #.........   14%         2    ###....


Dungeon Overview and Level Annotations

Branches:
Dungeon (4/15)
 Temple: D:4-7

Altars:


Innate Abilities, Weirdness & Mutations

You have extremely sharp teeth.
Your natural rate of healing is unusually fast.
When hurt, damage is shared between your health and your magic reserves.
Your bite disrupts and absorbs the magic of your enemies.
Potions cannot restore your health.
You are immune to rotting.


Message History

Confirm with . or Enter, or press ? or * to list all spells.
Okay, then.
It was a potion of might.
You feel very mighty all of a sudden. The orc wizard hits you with a dagger.
* * * LOW HITPOINT WARNING * * *
The orc wizard casts a spell at you.
You are confused.
The orc hits you.
* * * LOW HITPOINT WARNING * * *
The orc wizard misses you.
The orc wizard hits you but does no damage.
The orc wizard hits you with a dagger.
* * * LOW HITPOINT WARNING * * *
Unknown command.
You puncture the orc!
You kill the orc!
The orc wizard casts a spell at you. The magic dart hits you!
You die...

#...........##≈♣≈≈≈≈≈≈≈
#.............≈≈≈≈
#...)......###♣♣
#..........###≈♣
#.............♣
###...........♣
#...........♣♣
#..aoo)).....≈≈≈
#...@.######.P♣≈
#.....# .≈♣ ####### ≈≈≈


PP You could see a worker ant and 2 orc wizards.

Vanquished Creatures
  A bullfrog skeleton (D:4)
  A hound skeleton (D:4)
  An adder (D:4)
  A dart slug (D:2)
  2 leopard geckos (D:3)
  3 orcs (D:3)
  3 goblins
  3 jackals
  A ball python (D:1)
  A bat (D:3)
  A frilled lizard (D:1)
  2 kobolds
  6 rats
26 creatures vanquished.

Notes
Turn   | Place    | Note
-------+----------+-------------------------------------------
     0 | D:1      | Charly the Vine Stalker Earth Elementalist began the quest for the Orb.
     0 | D:1      | Reached XP level 1. HP: 9/9 MP: 4/4
    32 | D:1      | Reached skill level 1 in Unarmed Combat
   117 | D:2      | Reached XP level 2. HP: 3/13 MP: 3/6
   236 | D:4      | Reached XP level 3. HP: 7/16 MP: 1/7
   250 | D:4      | Learned a level 2 spell: Passwall
   258 | D:4      | Gained mutation: Your natural rate of healing is unusually fast. [Vine Stalker growth]
   258 | D:4      | Reached XP level 4. HP: 9/21 MP: 0/8
   273 | D:4      | Noticed an ogre
   403 | D:3      | Killed from afar by an orc wizard

Skill      XL: |  1  2  3 |
---------------+----------+-----
Unarmed Combat | 1 2 3 |  3.9
Dodging        | |  1.5
Stealth        | |  2.4
Spellcasting   | |  2.1
Transmutations | |  1.0
Earth Magic    | |  3.0

Action                   |  1- 3 |  4- 6 || total
-------------------------+-------+-------++-------
Melee: Unarmed           |     9 |       ||     9
       Bite              |     1 |     3 ||     4
       Dagger            |     1 |    16 ||    17
 Cast: Sandblast         |    21 |    14 ||    35
Evoke: Wand              |     1 |     4 ||     5
  Use: Potion            |       |     1 ||     1
  Eat: Fruit             |     3 |     2 ||     5
Armor: Robe              |     4 |     3 ||     7
Dodge: Dodged            |    14 |    20 ||    34
